 Dungeon Crawl Stone Soup version 0.18.1-8-gdd0e5ea (webtiles) character file.

28387 Kzard the Warrior (level 13, -10/130 HPs)
             Began as a Minotaur Berserker on June 4, 2016.
             Was a High Priest of Trog.
             Mangled by nikopol's ghost (19 damage)
             ... on level 5 of the Lair of Beasts on June 5, 2016.
             The game lasted 01:46:49 (24170 turns).

Kzard the Warrior (Minotaur Berserker)             Turns: 24170, Time: 01:46:50

Health: -10/130    AC: 22    Str: 26    XL:     13   Next: 9%
Magic:  0/4        EV: 11    Int:  8    God:    Trog [*****.]
Gold:   734        SH:  0    Dex: 10    Spells: 0 memorised, 12 levels left

rFire  + . .     SeeInvis .     O - +7 lajatang (antimagic)
rCold  + . .     Gourm    .     i - +1 plate armour
rNeg   . . .     Faith    .     (shield currently unavailable)
rPois  +         Spirit   +     (helmet restricted)
rElec  +         Dismiss  .     (no cloak)
rCorr  +         Reflect  .     L - +2 pair of gloves
SustAt .         Harm     .     b - +0 pair of boots
MR     .....                    T - amulet of guardian spirit
Stlth  ..........               U - +1 ring of protection
                                s - +3 ring of strength

@: exhausted, resistant, slowed, very slow, not resistant to hostile
enchantments, extremely unstealthy
A: retaliatory headbutt, horns 2
a: Berserk, Trog's Hand, Brothers in Arms, Burn Spellbooks, Renounce Religion


You were on level 5 of the Lair of Beasts.
You worshipped Trog.
Trog was extremely pleased with you.
You were near starving.

You visited 3 branches of the dungeon, and saw 16 of its levels.
You also visited: Ossuary.

You collected 734 gold pieces.

Inventory:

Hand Weapons
 l - a +4 quarterstaff of chaos
 O - a +7 antimagic lajatang (weapon)
Missiles
 g - 505 stones
 v - 8 tomahawks (quivered)
 K - 5 tomahawks of returning
Armour
 b - a +0 pair of boots (worn)
 i - a +1 plate armour (worn)
 L - a +2 pair of gloves (worn)
Jewellery
 p - an uncursed ring of stealth
 s - a +3 ring of strength (left hand)
 T - an amulet of guardian spirit (around neck)
 U - a +1 ring of protection (right hand)
Wands
 a - a wand of random effects (22/48)
 m - a wand of polymorph (11/24)
 q - a wand of disintegration (12/24)
 t - a wand of iceblast (5/15)
 y - a wand of flame (18/48)
 C - a wand of flame (21/48)
 J - a wand of teleportation (4/9)
 M - a wand of paralysis (3/24)
Scrolls
 u - 5 scrolls of remove curse
 F - 2 scrolls of recharging
 H - 3 scrolls of amnesia
 I - a scroll of fog
 P - a scroll of fear
 V - a scroll of enchant weapon
 W - 2 scrolls of identify
Potions
 e - 4 potions of cancellation
 h - 5 potions of flight
 j - a potion of haste
 k - 4 potions of might
 x - a potion of curing
 z - 4 potions of lignification
 D - 3 potions of agility
 G - a potion of ambrosia
 R - a potion of cure mutation
Books
 E - a book of Cantrips

   Spells                             Type                      Level
   a - Corona                         Hexes                        1
   b - Animate Skeleton               Necromancy                   1
   c - Summon Small Mammal            Summoning                    1
   d - Apportation                    Translocation                1
   Trog disapproves of the use of such an item.
Miscellaneous
 r - a crystal ball of energy
Comestibles
 c - 3 bread rations
 d - 3 slices of pizza
 f - 3 fruits
 w - 2 royal jellies
 A - 5 meat rations
 B - 7 beef jerkies


   Skills:
 * Level 16.4 Fighting
   Level 0.2(1.0) Short Blades
   Level 1.7(1.8) Long Blades
   Level 4.6 Axes
 + Level 11.4 Staves
 + Level 11.9 Armour
 + Level 11.0 Dodging


You had 12 spell levels left.
You didn't know any spells.

Dungeon Overview and Level Annotations

Branches:
Dungeon (10/15)            Temple (0/1) D:5            Lair (5/8) D:10
  Swamp (0/4) Lair:3        Snake (0/4) Lair:3          Orc (1/2) D:10

Altars:
Ashenzari
Cheibriados
Dithmenos
Makhleb
Nemelex Xobeh
Okawaru
Pakellas
Trog
Vehumet
Xom

Shops:
D:7 }

Annotations:
Lair:5 nikopol's ghost, journeyman MiBe


Innate Abilities, Weirdness & Mutations

You reflexively headbutt those who attack you in melee.
You have a pair of horns on your head.


Message History

Read which item? (? for menu, Esc to quit)
Okay, then.
You slice the blink frog!!
You kill the blink frog!
Trog accepts your kill. The blink frog closely misses you.
You furiously retaliate!
You headbutt the blink frog.
The blink frog blinks!
The blink frog hits you.
* * * LOW HITPOINT WARNING * * *
Nikopol's ghost hits you but does no damage.
The blink frog blinks!
You closely miss nikopol's ghost.
Nikopol's ghost is severely damaged.
The blink frog hits you!
* * * LOW HITPOINT WARNING * * *
The blink frog blinks!
Nikopol's ghost closely misses you.
You slash nikopol's ghost!
Nikopol's ghost is almost destroyed.
Nikopol's ghost hits you but does no damage.
Nikopol's ghost hits you!!
You die...

....$.......
...........##
............
...........#
...........#
.=.........#
...........#
.......<†@.#
........†W##
.......F..#
............
..............
...........$....
...§............
................
............P..


You could see a blink frog and nikopol's ghost.

Vanquished Creatures
  Erolcha (D:8)
  3 hydras
  An alligator (Lair:3)
  A death yak (Lair:4)
  The ghost of Wooh the Nimble, a journeyman VSFi of Makhleb (Lair:1)
  Pikel (D:5)
  A griffon (Lair:3)
  3 black mambas
  A molten gargoyle (Lair:4)
  A torpor snail (Lair:4)
  15 spiny frogs
  2 komodo dragons (Lair:1)
  2 polar bears (Lair:4)
  A troll (D:10)
  3 blink frogs (Lair:5)
  Blork the orc (D:5)
  Sigmund (D:5)
  A spriggan (D:7)
  6 water moccasins
  A wraith (D:10)
  Eustachio (D:4)
  18 yaks
  3 basilisks
  5 hippogriffs
  Edmund (D:4)
  Menkaure (D:5)
  2 wargs (D:10)
  7 porcupines
  An ice beast (D:10)
  10 orc warriors
  A slave (D:5)
  4 sky beasts
  A necrophage (D:9)
  2 black bears
  17 wolves
  5 ogres
  A phantom (D:8)
  A centaur (D:8)
  2 big kobolds (D:8)
  8 crocodiles
  16 giant frogs
  3 scorpions
  2 water moccasin zombies (Ossuary)
  4 killer bees (D:10)
  2 howler monkeys (D:8)
  An electric eel (Lair:1)
  A vampire bat (Lair:4)
  9 crimson imps
  A centaur zombie (D:7)
  A jelly (D:8)
  A giant frog skeleton (D:8)
  11 orc priests
  Crazy Yiuf (D:2)
  A gnoll shaman (D:8)
  10 orc wizards
  3 hounds
  A centaur skeleton (D:7)
  16 iguanas
  5 hell rats (Lair:1)
  6 worker ants
  4 sheep
  3 big kobold zombies (Ossuary)
  2 mummies (Ossuary)
  A worker ant zombie (D:8)
  A howler monkey zombie (D:8)
  Robin (D:2)
  5 gnolls (D:8)
  68 river rats
  6 adders
  2 shadow imps
  An ooze (D:2)
  An adder skeleton (D:9)
  9 adder zombies
  A worm (D:4)
  3 dart slugs
  4 giant geckos
  43 orcs
  A ball python (D:2)
  12 bats
  9 giant cockroaches
  3 gnoll zombies (Ossuary)
  15 goblins
  10 hobgoblins
  7 jackals (D:2)
  2 quokkas
  6 giant newts
  3 hobgoblin zombies (Ossuary)
  11 kobolds
  7 orc zombies (Ossuary)
  A quokka skeleton (D:4)
  A quokka zombie (D:5)
  18 rats
  2 fungi
  3 plants
499 creatures vanquished.

Vanquished Creatures (collateral kills)
  A naga (Lair:3)
  A porcupine (Lair:3)
  An orc warrior (D:10)
  An ogre (D:8)
  A centaur (D:8)
  An electric eel (Lair:4)
  2 howler monkeys (D:8)
  2 gnoll shamans (D:8)
  2 orc priests
  An iguana (D:8)
  5 sheep (Lair:4)
  An adder (D:8)
  2 gnolls (D:8)
  A river rat (Lair:1)
  5 orcs
  A goblin (D:10)
28 creatures vanquished.

Vanquished Creatures (others)
  A troll (D:7)
  2 slaves (D:5)
  A water moccasin zombie (Ossuary)
  A howler monkey (D:8)
  A hound skeleton (D:5)
  A giant gecko (D:5)
  A fire vortex (D:8)
  12 fungi
  13 plants
33 creatures vanquished.

Grand Total: 560 creatures vanquished

Notes
Turn   | Place    | Note
--------------------------------------------------------------
     0 | D:1      | Kzard the Minotaur Berserker began the quest for the Orb.
     0 | D:1      | Reached XP level 1. HP: 19/19 MP: 0/0
   164 | D:1      | Reached XP level 2. HP: 24/27 MP: 1/1
   389 | D:1      | Reached skill level 4 in Fighting
   968 | D:2      | Reached ** piety under Trog
  1071 | D:2      | Reached XP level 3. HP: 33/33 MP: 2/2
  1395 | D:2      | Noticed Robin
  1416 | D:2      | Reached XP level 4. HP: 31/41 MP: 3/3
  1425 | D:2      | Killed Robin
  1878 | D:2      | Found a shattered altar of Ashenzari.
  2220 | D:2      | Noticed Crazy Yiuf
  2224 | D:2      | Killed Crazy Yiuf
  2224 | D:2      | Reached skill level 5 in Fighting
  2418 | D:3      | Reached *** piety under Trog
  2471 | D:3      | Reached skill level 1 in Long Blades
  2471 | D:3      | Reached XP level 5. HP: 42/48 MP: 4/4
  2609 | D:3      | Found a shimmering altar of Xom.
  3116 | D:3      | Found a radiant altar of Vehumet.
  3117 | D:3      | Found a burning altar of Makhleb.
  3121 | D:3      | Reached skill level 6 in Fighting
  3121 | D:3      | Reached XP level 6. HP: 57/57 MP: 5/5
  3175 | D:4      | Found a sand-covered staircase.
  3193 | Ossuary  | Entered an ossuary
  3233 | Ossuary  | Reached skill level 1 in Staves
  3653 | Ossuary  | Reached XP level 7. HP: 64/64 MP: 6/6
  3924 | D:4      | Noticed Eustachio
  3945 | D:4      | Killed Eustachio
  3945 | D:4      | Reached skill level 7 in Fighting
  4135 | D:4      | Noticed Edmund
  4148 | D:4      | Killed Edmund
  4148 | D:4      | Reached skill level 5 in Armour
  4312 | D:4      | Found a shadowy altar of Dithmenos.
  4562 | D:4      | Reached **** piety under Trog
  4756 | D:4      | Reached skill level 8 in Fighting
  4756 | D:4      | Reached XP level 8. HP: 52/74 MP: 7/7
  5238 | D:5      | Entered Level 5 of the Dungeon
  5400 | D:5      | Reached skill level 5 in Dodging
  5482 | D:5      | Noticed Menkaure
  5489 | D:5      | Killed Menkaure
  5532 | D:5      | Noticed Sigmund
  5540 | D:5      | Killed Sigmund
  5540 | D:5      | Reached skill level 9 in Fighting
  5583 | D:5      | Noticed Blork the orc
  5584 | D:5      | Noticed Pikel
  5599 | D:5      | Killed Pikel
  5599 | D:5      | Reached skill level 5 in Staves
  5599 | D:5      | Reached XP level 9. HP: 78/85 MP: 8/8
  5841 | D:5      | Found a staircase to the Ecumenical Temple.
  6142 | D:6      | Reached skill level 10 in Fighting
  6240 | D:6      | Found a sparkling altar of Nemelex Xobeh.
  6564 | D:5      | Killed Blork the orc
  7586 | D:7      | Found an oddly glowing altar of Pakellas.
  7586 | D:7      | Noticed an orange crystal statue
  7588 | D:7      | Noticed a troll
  7600 | D:7      | Killed a troll
  7626 | D:7      | Found Etomiesm's Magic Scroll Boutique.
  7626 | D:7      | Found Qygeen's Gadget Boutique.
  7790 | D:7      | Found a bloodstained altar of Trog.
  8202 | D:7      | Found Isitho Icwi's Magic Scroll Shoppe.
  8368 | D:7      | Reached skill level 11 in Fighting
  9273 | D:8      | Reached ***** piety under Trog
  9404 | D:8      | Reached XP level 10. HP: 61/96 MP: 9/9
  9803 | D:8      | Found a bloodstained altar of Trog.
 10355 | D:8      | Noticed Erolcha
 10362 | D:8      | Reached skill level 12 in Fighting
 10841 | D:8      | Killed Erolcha
 12252 | D:9      | Found an iron altar of Okawaru.
 12541 | D:9      | Found a bloodstained altar of Trog.
 12613 | D:10     | Entered Level 10 of the Dungeon
 12944 | D:10     | Found a staircase to the Orcish Mines.
 12952 | D:10     | Reached skill level 13 in Fighting
 12998 | Orc:1    | Entered Level 1 of the Orcish Mines
 13231 | D:10     | Found a staircase to the Lair.
 13380 | D:10     | Reached XP level 11. HP: 67/107 MP: 10/10
 14340 | Lair:1   | Entered Level 1 of the Lair of Beasts
 14607 | Lair:1   | Noticed a seven-headed hydra
 14780 | Lair:1   | Received a gift from Trog
 15216 | Lair:1   | Killed a seven-headed hydra
 16188 | Lair:1   | Reached skill level 10 in Armour
 16798 | Lair:1   | Reached skill level 14 in Fighting
 16826 | Lair:1   | Noticed Wooh's ghost (journeyman VSFi)
 16841 | Lair:1   | Killed Wooh's ghost
 18292 | Lair:2   | Identified a scroll of acquirement
 18321 | Lair:2   | Noticed a griffon
 18433 | Lair:2   | Got a fine ring mail
 18625 | Lair:2   | Reached XP level 12. HP: 89/118 MP: 2/11
 18964 | Lair:2   | Reached skill level 10 in Staves
 19407 | Lair:2   | Reached skill level 10 in Dodging
 19963 | Lair:3   | Noticed a four-headed hydra
 20049 | Lair:3   | Reached skill level 15 in Fighting
 20501 | Lair:3   | Killed a four-headed hydra
 20968 | Lair:3   | Found a staircase to the Snake Pit.
 21547 | Lair:3   | Received a gift from Trog
 21569 | Lair:3   | Got an ichor-stained quarterstaff {god gift}
 21779 | Lair:3   | Found a staircase to the Swamp.
 21781 | Lair:3   | Noticed an alligator
 21801 | Lair:3   | Killed an alligator
 22665 | Lair:4   | Found a snail-covered altar of Cheibriados.
 22759 | Lair:4   | Reached skill level 16 in Fighting
 23075 | Lair:4   | Noticed a six-headed hydra
 23086 | Lair:4   | Killed a six-headed hydra
 23796 | Lair:4   | Noticed a death yak
 23809 | Lair:4   | Killed a death yak
 23809 | Lair:4   | Received a gift from Trog
 23809 | Lair:4   | Reached XP level 13. HP: 111/129 MP: 2/12
 24138 | Lair:5   | Noticed nikopol's ghost (journeyman MiBe)
 24170 | Lair:5   | Mangled by nikopol's ghost

Skill      XL: |  1  2  3  4  5  6  7  8  9 10 11 12 13 |
---------------+----------------------------------------+-----
Axes           | 4 |  4.6
Fighting       | 4 5 6 8 9 11 13 14 16 | 16.4
Armour         | 3 4 5 6 8 9 10 11 | 11.9
Long Blades    | 1 |  1.7
Dodging        | 3 4 5 6 8 9 10 11 | 11.0
Staves         | 2 3 5 7 8 9 11 | 11.4
Short Blades   | |  0.2

Action                   |  1- 3 |  4- 6 |  7- 9 | 10-12 | 13-15 || total
-------------------------+-------+-------+-------+-------+-------++-------
Melee: Hand axe          |    57 |     8 |       |       |       ||    65
       Headbutt          |     9 |    18 |    41 |   132 |     6 ||   206
       Falchion          |       |     8 |       |       |       ||     8
       Quarterstaff      |       |    88 |   231 |   268 |       ||   587
       Short sword       |       |     4 |       |       |       ||     4
       Lajatang          |       |       |       |   425 |    28 ||   453
 Fire: Blowgun           |       |       |       |     1 |       ||     1
Throw: Stone             |     8 |     9 |       |       |       ||    17
       Tomahawk          |       |     8 |    58 |    26 |       ||    92
Invok: Berserk           |     1 |     5 |    16 |    25 |     1 ||    48
       Burn Spellbooks   |       |       |     1 |       |       ||     1
       Trog's Hand       |       |       |     4 |       |       ||     4
       Brothers in Arms  |       |       |       |     7 |       ||     7
Evoke: Wand              |       |     1 |     3 |     7 |       ||    11
  Use: Scroll            |     2 |    10 |    14 |    18 |       ||    44
       Potion            |       |       |     6 |     3 |     2 ||    11
 Stab: Paralysed         |       |       |     2 |     2 |       ||     4
  Eat: Chunk             |     1 |    11 |    22 |    29 |     1 ||    64
       Fruit             |       |     1 |     3 |     3 |       ||     7
       Bread ration      |       |       |     3 |     3 |       ||     6
       Meat ration       |       |       |       |     5 |       ||     5
Armor: Animal skin       |     1 |       |       |       |       ||     1
       Leather armour    |    10 |     3 |       |       |       ||    13
       Scale mail        |       |    20 |       |       |       ||    20
       Chain mail        |       |    33 |    21 |       |       ||    54
       Plate armour      |       |       |   157 |   497 |    23 ||   677
Dodge: Dodged            |    51 |    58 |   128 |   490 |    34 ||   761
